 Dungeon Crawl Stone Soup version 0.22.0-36-g8e74550 (webtiles) character file.

172 smcx the Vandal (level 5, -1/45 HPs)
             Began as a Centaur Hunter on Aug 24, 2018.
             Slain by a hound (4 damage)
             ... on level 3 of the Dungeon.
             The game lasted 00:18:08 (3170 turns).

smcx the Vandal (Centaur Hunter)                    Turns: 3170, Time: 00:18:09

Health: -1/45      AC:  8    Str: 15    XL:     5   Next: 27%
Magic:  5/5        EV:  4    Int: 10    God:
Gold:   157        SH:  0    Dex: 10    Spells: 4/4 levels left

rFire    . . .     SeeInvis +   b - +1 hand axe (freeze)
rCold    . . .     Gourm    .   (no shield)
rNeg     . . .     Faith    +   p - +0 chain mail
rPois    .         Spirit   .   v - +0 helmet
rElec    .         Reflect  .   (no cloak)
rCorr    .         Harm     .   (no gloves)
MR       .....                  (no barding)
Stlth    ..........             e - amulet of faith
HPRegen  0.15/turn              i - ring of see invisible
MPRegen  0.09/turn              (no ring)

@: very quick
A: large, hooves 3, deformed body, speed 2, tough skin 3
a: no special abilities


You were on level 3 of the Dungeon.
You were not hungry.

You visited 1 branch of the dungeon, and saw 4 of its levels.

You collected 157 gold pieces.

Inventory:

Hand Weapons
 a - a +1 hunting sling
 b - a +1 hand axe of freezing (weapon)
 j - a +0 short sword
Missiles
 h - 24 stones (quivered)
 r - 42 bolts
Armour
 c - a +0 leather armour
 d - a +0 ring mail
 p - a +0 chain mail (worn)
 q - a +0 helmet
 v - a +0 helmet (worn)
 y - a +0 plate armour
Jewellery
 e - an amulet of faith (around neck)
 i - a ring of see invisible (left hand)
 u - an uncursed amulet of magic regeneration
Scrolls
 k - a scroll of identify
 l - a scroll of enchant armour {unknown}
 m - a scroll of enchant weapon {unknown}
 o - 2 scrolls of teleportation {unknown}
 t - a scroll of amnesia {unknown}
 z - 2 scrolls of remove curse {unknown}
Potions
 n - a potion of flight {unknown}
 s - a potion of heal wounds {unknown}
 w - a potion of haste {unknown}
Comestibles
 f - 2 rations
 g - 5 chunks of flesh


   Skills:
 + Level 3.5 Fighting
 + Level 5.5 Slings
 + Level 2.6 Dodging
 - Level 0.5 Stealth


You had 4 spell levels left.
You didn't know any spells.
Your spell library was empty.

Dungeon Overview and Level Annotations

Branches:
Dungeon (4/15)
 Temple: D:4-7

Altars:
Dithmenos
Trog


Innate Abilities, Weirdness & Mutations

You have hooves in place of feet.
Armour fits poorly on your strangely shaped body.
You cover ground very quickly.
You have extremely tough skin. (AC +3)


Message History

* * * LOW HITPOINT WARNING * * *
You are too injured to fight recklessly!
You are too injured to fight recklessly!
You are too injured to fight recklessly!
You closely miss the hound. You kick the hound.
The hound is heavily wounded.
The hound bites you but does no damage. The hound barely misses you.
You closely miss the hound.
The hound is heavily wounded.
The hound bites you.
* * * LOW HITPOINT WARNING * * *
The hound completely misses you.
Your chain mail prevents you from hitting the hound.
Your kick misses the hound.
The hound is heavily wounded.
The hound completely misses you. The hound bites you but does no damage.
You hit the hound but do no damage. You kick the hound.
The hound is severely wounded.
The hound bites you.
You die...

#################
#...............#
#.#####.#.......#
#.##.##...#####.#
############.#...##.## #.#
#....รท>...........#.# #.#
#.#####.##.#...@....# #.#
##.#............h....# #.#
...#.###.####.......#######.#
.....# #.#..................#
###### #...####<..#.#####...#
# ###.# ##..#.# #...# # #.#
#..#.# #.^.# # #.# #..#.###
#...# ###### #.# #......#
#...#


You could see a hound.

Vanquished Creatures
  An orc priest (D:3)
  A gnoll (D:1)
  3 adders
  An adder skeleton (D:4)
  A worm (D:4)
  A dart slug (D:1)
  3 leopard geckos
  8 orcs (D:3)
  A ball python (D:3)
  10 giant cockroaches
  8 goblins
  13 hobgoblins
  7 jackals
  3 kobolds
  3 quokkas
  5 bats
  6 frilled lizards
  7 rats
82 creatures vanquished.

Notes
Turn   | Place    | Note
-------+----------+-------------------------------------------
     0 | D:1      | smcx the Centaur Hunter began the quest for the Orb.
     0 | D:1      | Reached XP level 1. HP: 17/17 MP: 1/1
    63 | D:1      | Reached XP level 2. HP: 24/24 MP: 2/2
   288 | D:1      | Reached XP level 3. HP: 30/30 MP: 3/3
  1032 | D:2      | Reached skill level 5 in Slings
  1057 | D:2      | Found a bloodstained altar of Trog.
  1210 | D:2      | Reached XP level 4. HP: 37/37 MP: 4/4
  2381 | D:3      | Reached XP level 5. HP: 45/45 MP: 5/5
  2835 | D:3      | Found a shadowy altar of Dithmenos.
  3052 | D:4      | Noticed an ogre
  3170 | D:3      | Slain by a hound

Skill      XL: |  1  2  3  4 |
---------------+-------------+-----
Dodging        | 2 |  2.6
Slings         | 5 |  5.5
Fighting       | 3 |  3.5
Stealth        | |  0.5

Action                   |  1- 3 |  4- 6 || total
-------------------------+-------+-------++-------
Melee: Hand axe          |       |    24 ||    24
       Kick              |       |     8 ||     8
 Fire: Hunting sling     |   109 |   131 ||   240
Throw: Stone             |       |     3 ||     3
  Use: Scroll            |       |     1 ||     1
  Eat: Chunk             |       |     2 ||     2
       Ration            |       |     1 ||     1
Armor: Leather armour    |     9 |       ||     9
       Chain mail        |     3 |    79 ||    82
Dodge: Dodged            |     5 |    25 ||    30
